[Event "Tuesday Night Engine Tour 9 rd Swiss 7m+2s Starts at 2200hrs ST"]
[Site "Infinity Chess"]
[Date "2018.4.25"]
[Round "8"]
[White "Susanne"]
[Black "stormbreaker990"]
[Result "1/2-1/2"]
[ECO "C55"]
[WhiteElo "2613"]
[BlackElo "2570"]
[WhiteEngine "asmFishW_IX_bmi2_CTG"]
[BlackEngine "Cryptic Heroes 9.4B"]
[EventType "Swiss"]
[WhiteTeam ""]
[BlackTeam ""]
[PlyCount "106"]
[TimeControl "420+2"]

1. e4 e5 2. Nf3 Nc6 3. Bc4 Nf6 4. d3 Bc5 5. c3 d6 6. O-O a5 7. Re1 O-O 8. h3 Be6 
9. Bb5 Bb6 10. Nbd2 Ne7 11. d4 c6 12. dxe5 dxe5 13. Bc4 Qd6 14. Qb3 Qc5 
15. Bxe6 Qxf2+ 16. Kh2 Nh5 17. Bc4 a4 18. Qd1 Qg3+ 19. Kh1 Rad8 20. Qe2 Nf4 
21. Qf1 Bc5 22. Be2 b5 23. b4 Bf2 24. Rd1 Be3 25. Nxe5 Bxd2 26. Bxd2 Nxe2 
27. Nxc6 Nxc6 28. Qxe2 Qd3 29. Qxd3 Rxd3 30. Be1 Ne5 31. Bf2 Re8 32. Bd4 Rxd1+ 
33. Rxd1 Nc4 34. Bc5 h5 35. Rd4 Na3 36. g4 hxg4 37. hxg4 Nc2 38. Rd2 Ne1 
39. Bf2 Rxe4 40. Rd8+ Kh7 41. Rd5 a3 42. Kg1 Re5 43. c4 Rxd5 44. cxd5 Nd3 
45. d6 Nxb4 46. Bc5 Nc6 47. Bxa3 Kg6 48. d7 Kf6 49. Bb2+ Ke6 50. Bxg7 Kxd7 
51. Kf2 Ke6 52. a3 Ne5 53. Bxe5 Kxe5 1/2-1/2

[Event "Tuesday Night Engine Tour 9 rd Swiss 7m+2s Starts at 2200hrs ST"]
[Site "Infinity Chess"]
[Date "2018.4.25"]
[Round "7"]
[White "ocirema"]
[Black "mcstar"]
[Result "1/2-1/2"]
[ECO "C55"]
[WhiteElo "2469"]
[BlackElo "2426"]
[WhiteEngine "Eman 1.70-beta21 64-bit POPCNT_CTG"]
[BlackEngine "Cryptic Heroes 9.4B"]
[EventType "Swiss"]
[WhiteTeam ""]
[BlackTeam ""]
[PlyCount "78"]
[TimeControl "420+2"]

1. e4 e5 2. Nf3 Nc6 3. Bc4 Nf6 4. d3 Bc5 5. c3 d6 6. O-O a5 7. Re1 Ba7 
8. Nbd2 O-O 9. h3 Be6 10. b3 h6 11. Nf1 Bb6 12. a4 d5 13. exd5 Nxd5 14. Bd2 Re8 
15. Ng3 Nf6 16. Bb5 Nd7 17. Rb1 Bd5 18. Be3 Bxe3 19. Rxe3 g6 20. Re1 f5 
21. Nf1 Qf6 22. Ne3 Bf7 23. Nc4 Re7 24. b4 Bxc4 25. Bxc4+ Kg7 26. Bb5 Qd6 
27. bxa5 Rxa5 28. Qc2 Ra8 29. Ra1 Ncb8 30. a5 Nf6 31. Qb2 c6 32. Bc4 Nbd7 
33. Qb4 Ne8 34. Qb2 Ra7 35. Qb4 Ra8 36. Qb2 Rb8 37. Nd2 Nef6 38. Qb4 Ne8 
39. Nf3 Ra8 1/2-1/2

[Event "Tuesday Night Engine Tour 9 rd Swiss 7m+2s Starts at 2200hrs ST"]
[Site "Infinity Chess"]
[Date "2018.4.25"]
[Round "7"]
[White "Vimtiroba"]
[Black "OlivierEvan"]
[Result "1/2-1/2"]
[ECO "A06"]
[WhiteElo "2490"]
[BlackElo "2407"]
[WhiteEngine "SF9 ''A24''_CTG"]
[BlackEngine "Houdini 6"]
[EventType "Swiss"]
[WhiteTeam ""]
[BlackTeam ""]
[PlyCount "122"]
[TimeControl "420+2"]

1. Nf3 d5 2. d4 Nf6 3. e3 e6 4. c4 c6 5. Nc3 Nbd7 6. a4 Bd6 7. Be2 Ne4 
8. Nxe4 dxe4 9. Nd2 f5 10. c5 Bc7 11. b4 O-O 12. Qb3 Nf6 13. b5 Nd5 14. Nc4 Bd7 
15. g3 Be8 16. Ba3 Ba5+ 17. Kf1 g5 18. Rg1 Bg6 19. Kg2 Bc7 20. b6 Bb8 21. Kh1 f4 
22. a5 a6 23. Bg4 Qf6 24. exf4 gxf4 25. Raf1 Kh8 26. Bc1 Rg8 27. Ne5 Bxe5 
28. dxe5 Qf7 29. gxf4 Bh5 30. f3 exf3 31. Bxf3 Rxg1+ 32. Kxg1 Bxf3 33. Qxf3 Qf5 
34. Kh1 Rg8 35. Be3 Kg7 36. Bd4 Kf8 37. Bf2 Rg5 38. Bh4 Rh5 39. Bg3 Rh3 
40. Rg1 Rh6 41. Rd1 Rg6 42. Qd3 Qh3 43. Kg1 Kg7 44. Qf1 Qf5 45. Qf3 h5 
46. Kh1 Qh3 47. Rf1 Rg4 48. f5 Ne3 49. f6+ Kf7 50. Rg1 Nf5 51. Qf2 h4 
52. Bf4 Rxg1+ 53. Kxg1 Qg4+ 54. Kf1 Qd1+ 55. Kg2 h3+ 56. Kxh3 Qh5+ 57. Kg2 Qg4+ 
58. Kf1 Qd1+ 59. Kg2 Qg4+ 60. Kf1 Qd1+ 61. Kg2 Qg4+ 1/2-1/2

[Event "Tuesday Night Engine Tour 9 rd Swiss 7m+2s Starts at 2200hrs ST"]
[Site "Infinity Chess"]
[Date "2018.4.25"]
[Round "7"]
[White "SkyPilot"]
[Black "firestar"]
[Result "1/2-1/2"]
[ECO "B53"]
[WhiteElo "2499"]
[BlackElo "2468"]
[WhiteEngine "stockfish_x64_bmi2_2018_04_07_CTG"]
[BlackEngine "Cryptic Heroes 9.4B"]
[EventType "Swiss"]
[WhiteTeam ""]
[BlackTeam ""]
[PlyCount "112"]
[TimeControl "420+2"]

1. e4 c5 2. Nf3 d6 3. d4 Nf6 4. Nc3 cxd4 5. Nxd4 a6 6. Be3 b6 7. f3 e5 
8. Nb3 Be6 9. g4 Be7 10. g5 Nh5 11. Nd5 Bxg5 12. Bxb6 Bh4+ 13. Ke2 Qc8 
14. Nc7+ Ke7 15. Nxa8 Nd7 16. Be3 Qxa8 17. Kd2 a5 18. a4 Rc8 19. Ra3 Kf8 
20. Kc1 Be7 21. Bb5 Nhf6 22. Nd2 d5 23. Rc3 Rxc3 24. bxc3 Qc8 25. Kb2 dxe4 
26. fxe4 Ng4 27. Bg1 Nc5 28. Qf3 Nf6 29. Be3 g6 30. Bh6+ Kg8 31. Bg5 Kg7 
32. c4 h6 33. Bh4 Qd8 34. Qc3 Qb6 35. Kc1 Qc7 36. Re1 Bc8 37. Qf3 g5 38. Bf2 Bb7 
39. Qf5 Bc8 40. Qf3 Bb7 41. Kb2 Qd6 42. Rd1 Qc7 43. Re1 g4 44. Qg3 h5 
45. Bd4 Bd6 46. Qe3 Nfxe4 47. Nxe4 Nxe4 48. Bb6 Qe7 49. Bxa5 Bc5 50. Qb3 h4 
51. Qd3 f5 52. Ka2 h3 53. Bd7 Qf7 54. Bb5 Qe7 55. Bd7 Qf7 56. Bb5 Qe7 1/2-1/2

[Event "Tuesday Night Engine Tour 9 rd Swiss 7m+2s Starts at 2200hrs ST"]
[Site "Infinity Chess"]
[Date "2018.4.25"]
[Round "7"]
[White "Victorious"]
[Black "draxlord"]
[Result "1/2-1/2"]
[ECO "B32"]
[WhiteElo "2498"]
[BlackElo "2495"]
[WhiteEngine "CFish_210418_x64_N_pop_LTO_730mingw"]
[BlackEngine "Cryptic Heroes 9.4B"]
[EventType "Swiss"]
[WhiteTeam ""]
[BlackTeam ""]
[PlyCount "121"]
[TimeControl "420+2"]

1. e4 c5 2. Nf3 Nc6 3. d4 cxd4 4. Nxd4 e5 5. Nb5 Nf6 6. N1c3 d6 7. Nd5 Nxd5 
8. exd5 Nb8 9. a4 Be7 10. Be2 O-O 11. O-O Nd7 12. Bd2 Nf6 13. Be3 a6 14. Na3 Rb8 
15. b4 b6 16. Nc4 Ne4 17. Ra3 a5 18. bxa5 bxa5 19. f3 Nf6 20. Qd2 Rb4 
21. Rb3 Rxa4 22. c3 Nd7 23. Rfb1 g6 24. Bf1 Ba6 25. Nb2 Ra2 26. Bxa6 a4 
27. Rb7 a3 28. Bc4 Rxb2 29. R1xb2 axb2 30. Qxb2 e4 31. fxe4 Bf6 32. Qb5 Nc5 
33. Bxc5 dxc5 34. Qxc5 Bxc3 35. g3 Qf6 36. Kg2 Bd4 37. Qa3 Qf2+ 38. Kh3 Be5 
39. Qd3 h5 40. Qe2 Qd4 41. Kg2 Rc8 42. Bb3 Rb8 43. Rxb8+ Bxb8 44. Kh3 Qf6 
45. Bd1 Qg5 46. Qb2 Bd6 47. Qe2 Qf6 48. Qd3 Qe5 49. Bb3 Kf8 50. Qf3 h4 
51. Qf4 Qxf4 52. gxf4 Bxf4 53. Kxh4 Bxh2 54. Kh3 Be5 55. Kg2 Bf6 56. d6 Bh8 
57. e5 Bxe5 58. d7 Ke7 59. d8=Q+ Kxd8 60. Bxf7 Ke7 61. Bxg6 1/2-1/2

[Event "Tuesday Night Engine Tour 9 rd Swiss 7m+2s Starts at 2200hrs ST"]
[Site "Infinity Chess"]
[Date "2018.4.25"]
[Round "7"]
[White "quicksilver"]
[Black "MarioDeMonti"]
[Result "1/2-1/2"]
[ECO "C26"]
[WhiteElo "2417"]
[BlackElo "2494"]
[WhiteEngine "Cryptic Heroes 9.4B"]
[BlackEngine "stockfish_x64_bmi2_2018_02_18_CTG"]
[EventType "Swiss"]
[WhiteTeam ""]
[BlackTeam ""]
[PlyCount "137"]
[TimeControl "420+2"]

1. e4 e5 2. Nc3 Nf6 3. Nf3 Nc6 4. h3 Bc5 5. Nxe5 Nxe5 6. d4 Bd6 7. dxe5 Bxe5 
8. Bd3 O-O 9. O-O d6 10. Bg5 Qe8 11. Re1 Bxc3 12. bxc3 Nd7 13. Be3 b6 14. a4 a5 
15. Bb5 Rb8 16. f4 Qe6 17. Bd4 f6 18. Qe2 Kh8 19. Bc4 Qe8 20. Bd5 h6 21. c4 Bb7 
22. Qg4 Nc5 23. Qg3 Ne6 24. Bb2 Bc6 25. e5 dxe5 26. fxe5 f5 27. Ba3 Rf7 
28. Qg6 Bd7 29. Rf1 f4 30. c5 bxc5 31. Bxc5 Re7 32. Qxe8+ Rexe8 33. Bf2 Rb4 
34. c3 Rxa4 35. Rxa4 Bxa4 36. Ra1 Bc2 37. Rxa5 Kh7 38. c4 Kg6 39. Ra2 Bb1 
40. Rb2 Bd3 41. Rd2 Bb1 42. Re2 Bd3 43. Re1 Kf7 44. Ra1 Kg6 45. Ra3 Bc2 
46. g4 fxg3 47. Bxg3 Bf5 48. h4 Kh5 49. Kh2 Re7 50. Bf3+ Bg4 51. Bd5 g5 
52. hxg5 hxg5 53. Ra6 Bf5 54. Kg2 Nd4 55. Bf2 c6 56. Bxd4 cxd5 57. cxd5 Be4+ 
58. Kf2 Bxd5 59. Kg3 Be6 60. Be3 Bd5 61. e6 Bxe6 62. Kf2 Bd5 63. Rd6 Be4 
64. Ke2 Bf5 65. Kf3 g4+ 66. Kf2 g3+ 67. Kxg3 Rxe3+ 68. Kf4 Rd3 69. Rxd3 1/2-1/2

[Event "Tuesday Night Engine Tour 9 rd Swiss 7m+2s Starts at 2200hrs ST"]
[Site "Infinity Chess"]
[Date "2018.4.25"]
[Round "7"]
[White "TasicV"]
[Black "Dovahkiin"]
[Result "1/2-1/2"]
[ECO "C50"]
[WhiteElo "2479"]
[BlackElo "2465"]
[WhiteEngine "S_XPrO.020418.64.BMI2_CTG"]
[BlackEngine "BrainFish_180423_x64_modern_CTG"]
[EventType "Swiss"]
[WhiteTeam ""]
[BlackTeam ""]
[PlyCount "76"]
[TimeControl "420+2"]

1. e4 e5 2. Nf3 Nc6 3. Bc4 Bc5 4. d3 Nf6 5. O-O d6 6. c3 O-O 7. Bg5 h6 8. Bh4 g5 
9. Bg3 a6 10. a4 Ba7 11. Nbd2 Nh7 12. h3 h5 13. Kh1 Kh8 14. b4 h4 15. Bh2 g4 
16. hxg4 Bxg4 17. b5 Na5 18. Ba2 Qf6 19. d4 Rae8 20. Qb1 Qh6 21. Qd3 f5 
22. exf5 Bxf5 23. Qe3 Qh5 24. Nxe5 Nf6 25. Nf7+ Rxf7 26. Bxf7 Qxf7 27. Qh6+ Kg8 
28. Qxh4 Rf8 29. bxa6 bxa6 30. Rae1 Qh7 31. Qxh7+ Bxh7 32. Re3 Rf7 33. Rfe1 Bc2 
34. Bf4 Bb6 35. Bg5 Bxa4 36. Rg3 Nh5 37. Rh3 Nf6 38. Rg3 Nh5 1/2-1/2

[Event "Tuesday Night Engine Tour 9 rd Swiss 7m+2s Starts at 2200hrs ST"]
[Site "Infinity Chess"]
[Date "2018.4.25"]
[Round "7"]
[White "blindfoldchess"]
[Black "Thinker"]
[Result "1/2-1/2 "]
[ECO "D30"]
[WhiteElo "2554"]
[BlackElo "2487"]
[WhiteEngine "Cryptic Heroes 9.4B"]
[BlackEngine "BrainFish_180418_x64_modern_CTG"]
[EventType "Swiss"]
[WhiteTeam ""]
[BlackTeam ""]
[PlyCount "136"]
[TimeControl "420+2"]

1. d4 d5 2. c4 e6 3. Nf3 Nf6 4. e3 c6 5. b3 c5 6. cxd5 Nxd5 7. Bb2 cxd4 
8. Nxd4 e5 9. Nf3 Nc6 10. Nbd2 f6 11. Bc4 Nb6 12. Bb5 Be7 13. O-O O-O 
14. Qe2 Be6 15. Bd3 Rc8 16. Rfd1 g6 17. Be4 Nd7 18. Rac1 Nb4 19. a3 Rxc1 
20. Rxc1 Nd5 21. h4 Nc5 22. Bb1 Qe8 23. b4 Na4 24. Ne4 Qd7 25. Ba2 Rd8 
26. Ba1 Kg7 27. h5 Qe8 28. h6+ Kf8 29. Rc2 Bg8 30. Rd2 Ndb6 31. Rxd8 Bxd8 
32. Nfg5 Qd7 33. Bxg8 Kxg8 34. Nc5 Qd5 35. Qb5 Qc6 36. Qd3 Be7 37. Qb3+ Qd5 
38. Qxd5+ Nxd5 39. Nxa4 fxg5 40. Bxe5 b5 41. Nb2 Bf8 42. e4 Nb6 43. f3 Bxh6 
44. Kf2 Kf7 45. Bd4 Ke6 46. Ke2 Bf8 47. Kd3 Bd6 48. Kc3 Bc7 49. Kb3 a6 
50. Nd3 Na4 51. Kc2 Bd8 52. Kb3 Be7 53. Bc5 Bf6 54. Bf8 Bd4 55. Kc2 Kd7 
56. Bh6 Be3 57. Ne5+ Ke6 58. Ng4 Bf4 59. Nf2 Be3 60. Nh3 Kf6 61. Kd3 Bc1 
62. Kc2 Be3 63. Kd3 Bc1 64. Kd4 Bb2+ 65. Kd5 g4 66. fxg4 Nc3+ 67. Kd4 Na4+ 
68. Kd3 Bxa3 1/2-1/2

[Event "Tuesday Night Engine Tour 9 rd Swiss 7m+2s Starts at 2200hrs ST"]
[Site "Infinity Chess"]
[Date "2018.4.25"]
[Round "7"]
[White "juggernaut"]
[Black "crossbones"]
[Result "1/2-1/2"]
[ECO "B50"]
[WhiteElo "2564"]
[BlackElo "2561"]
[WhiteEngine "Cryptic Heroes 9.4B"]
[BlackEngine "Cryptic Heroes 9.4B"]
[EventType "Swiss"]
[WhiteTeam ""]
[BlackTeam ""]
[PlyCount "82"]
[TimeControl "420+2"]

1. e4 c5 2. Nf3 d6 3. Nc3 Nf6 4. d4 cxd4 5. Nxd4 a6 6. h3 e5 7. Nb3 Be7 8. g4 h6 
9. Be3 Be6 10. Qd2 d5 11. exd5 Nxd5 12. Nxd5 Bxd5 13. Rg1 Nc6 14. O-O-O Bf3 
15. Be2 Qxd2+ 16. Rxd2 Bxe2 17. Rxe2 O-O-O 18. c3 f6 19. Kc2 h5 20. a4 hxg4 
21. hxg4 Bd6 22. Rd2 Rh4 23. Rd3 Be7 24. Nc5 Bxc5 25. Bxc5 Rxd3 26. Kxd3 Kd7 
27. b4 Ke6 28. b5 e4+ 29. Kxe4 axb5 30. axb5 f5+ 31. Kd3 Ne5+ 32. Kc2 Kd5 
33. Bd4 Nf3 34. Rd1 Nxd4+ 35. Rxd4+ Kc5 36. f3 fxg4 37. Rxg4 Rxg4 38. fxg4 Kxb5 
39. Kd3 b6 40. Kd4 Kc6 41. c4 Kd6 1/2-1/2

[Event "Tuesday Night Engine Tour 9 rd Swiss 7m+2s Starts at 2200hrs ST"]
[Site "Infinity Chess"]
[Date "2018.4.25"]
[Round "7"]
[White "Deep_Impact"]
[Black "Murx"]
[Result "1/2-1/2"]
[ECO "C50"]
[WhiteElo "2527"]
[BlackElo "2561"]
[WhiteEngine "BrainFish_180411_x64_bmi2"]
[BlackEngine "asmFishW_2018-04-07_popcnt"]
[EventType "Swiss"]
[WhiteTeam ""]
[BlackTeam ""]
[PlyCount "105"]
[TimeControl "420+2"]

1. e4 e5 2. Nf3 Nc6 3. Bc4 Bc5 4. O-O Nf6 5. d3 d6 6. c3 O-O 7. Re1 a5 
8. Nbd2 h6 9. Nf1 Be6 10. Bb5 Ne7 11. d4 Bb6 12. Ng3 Ng6 13. h3 exd4 14. cxd4 d5 
15. e5 Ne4 16. Bd3 Nxg3 17. fxg3 c5 18. Be3 cxd4 19. Bf2 Re8 20. Bxg6 fxg6 
21. Bxd4 Ra6 22. g4 g5 23. Qd2 Bc7 24. Rac1 a4 25. Qd3 Qd7 26. Rc5 Bd8 
27. Rec1 Rf8 28. Rc8 Bf7 29. Qe3 Re8 30. b4 Rae6 31. Rb8 Bg6 32. Rc3 Kh7 
33. Qc1 Bb6 34. Rxe8 Qxe8 35. Bxb6 Rxb6 36. a3 Be4 37. Rc8 Qe6 38. Qc3 Bxf3 
39. gxf3 Rc6 40. Rxc6 bxc6 41. Kf1 Kg8 42. Kg2 d4 43. Qxd4 Qa2+ 44. Kf1 Qxa3 
45. Qc4+ Kh8 46. Ke2 Qb2+ 47. Kd3 a3 48. e6 a2 49. e7 Qb1+ 50. Ke2 Qb2+ 
51. Kd3 Qb1+ 52. Ke2 Qb2+ 53. Kd3 1/2-1/2

[Event "Tuesday Night Engine Tour 9 rd Swiss 7m+2s Starts at 2200hrs ST"]
[Site "Infinity Chess"]
[Date "2018.4.25"]
[Round "7"]
[White "stormbreaker990"]
[Black "KRAKEN"]
[Result "1/2-1/2"]
[ECO "C26"]
[WhiteElo "2572"]
[BlackElo "2563"]
[WhiteEngine "Cryptic Heroes 9.4B"]
[BlackEngine "Raubfisch ME262_GTZ17b2_CTG"]
[EventType "Swiss"]
[WhiteTeam ""]
[BlackTeam ""]
[PlyCount "146"]
[TimeControl "420+2"]

1. e4 e5 2. Nc3 Nf6 3. g3 Bc5 4. Bg2 Nc6 5. Nge2 O-O 6. O-O Re8 7. d3 a5 
8. Nd5 Nxd5 9. exd5 Ne7 10. Be3 d6 11. Bxc5 dxc5 12. Nc3 f6 13. Qh5 Bf5 
14. Qh4 b6 15. Qc4 Kh8 16. a3 Rc8 17. b4 c6 18. d6 Qxd6 19. bxc5 Qxc5 
20. Qxc5 bxc5 21. Na4 Rb8 22. Nxc5 Rb5 23. Na4 Kg8 24. f4 exf4 25. Rxf4 Re5 
26. Nb6 Be6 27. Nc4 Re2 28. Nxa5 Rxc2 29. a4 Rc3 30. Nc4 Rxd3 31. a5 Rd7 
32. a6 Rb8 33. Na5 Bd5 34. Rd4 Ra7 35. Bf1 Kf7 36. Rdd1 Rba8 37. Rdc1 g5 
38. Nc4 Rb8 39. Ne3 Be6 40. Nc4 Bd5 41. Ne3 Be6 42. Kf2 Rb2+ 43. Kg1 Rb4 
44. Nc4 Bd5 45. Ne3 Ke6 46. Re1 Kd7 47. Bd3 h5 48. Rf1 Be4 49. Be2 Ke6 
50. Bxh5 Nd5 51. Ng4 f5 52. Nf2 Ne3 53. Rfc1 Bd5 54. Re1 Rb3 55. Nd1 f4 
56. gxf4 gxf4 57. Kf2 Kd6 58. Nxe3 Rb2+ 59. Re2 fxe3+ 60. Kxe3 Rb3+ 61. Kd2 Rb2+ 
62. Kc1 Rb6 63. Kd2 c5 64. h4 c4 65. Bg6 Rbxa6 66. Rxa6+ Rxa6 67. Rf2 c3+ 
68. Kxc3 Ra3+ 69. Kd4 Ra4+ 70. Kc3 Rxh4 71. Rf6+ Ke5 72. Rf5+ Ke6 73. Rh5 Rc4+ 
1/2-1/2

[Event "Tuesday Night Engine Tour 9 rd Swiss 7m+2s Starts at 2200hrs ST"]
[Site "Infinity Chess"]
[Date "2018.4.25"]
[Round "7"]
[White "Seliga"]
[Black "Susanne"]
[Result "1/2-1/2"]
[ECO "A06"]
[WhiteElo "2514"]
[BlackElo "2617"]
[WhiteEngine "SF9 ''A23''_CTG"]
[BlackEngine "asmFishW_IX_bmi2_CTG"]
[EventType "Swiss"]
[WhiteTeam ""]
[BlackTeam ""]
[PlyCount "128"]
[TimeControl "420+2"]

1. Nf3 d5 2. d4 Nf6 3. e3 e6 4. c4 Be7 5. cxd5 exd5 6. Bd3 O-O 7. Nc3 Bg4 
8. h3 Bh5 9. Be2 c6 10. g4 Bg6 11. Ne5 Nbd7 12. g5 Ne4 13. Nxg6 fxg6 
14. Nxe4 dxe4 15. Qb3+ Kh8 16. h4 Nb6 17. Qe6 Bb4+ 18. Kf1 Qc7 19. Qxe4 Qg3 
20. Qf4 Qxf4 21. exf4 Nd5 22. Rh3 Nxf4 23. Rb3 a5 24. a3 Bd6 25. Rxb7 Rae8 
26. Bxf4 Rxf4 27. Rc1 Ref8 28. f3 Rxh4 29. Rxc6 Bf4 30. d5 Rh1+ 31. Kf2 Rh2+ 
32. Ke1 Rh1+ 33. Bf1 Re8+ 34. Re6 Rc8 35. Rf7 Bg3+ 36. Ke2 Kg8 37. Ra7 Bf4 
38. b3 Bxg5 39. d6 h5 40. Rc7 Rd8 41. Kf2 Rh2+ 42. Kg3 Rd2 43. Rc5 Bf6 
44. Rxa5 Kh7 45. Ra6 Rc8 46. Bc4 Rc5 47. Re2 Rd1 48. f4 g5 49. Re4 gxf4+ 
50. Kxf4 Bg5+ 51. Kg3 h4+ 52. Kf3 Rf5+ 53. Kg2 Bf6 54. Be2 Rd2 55. Kh1 Rc5 
56. Bc4 Rf5 57. Be2 Rc5 58. Bc4 Re5 59. Rxe5 Bxe5 60. Ra5 Bxd6 61. Rh5+ Kg6 
62. Rxh4 Bxa3 63. Rh3 Kf5 64. Rd3 Rb2 1/2-1/2

[Event "Tuesday Night Engine Tour 9 rd Swiss 7m+2s Starts at 2200hrs ST"]
[Site "Infinity Chess"]
[Date "2018.4.24"]
[Round "6"]
[White "ironchess"]
[Black "OlivierEvan"]
[Result "1/2-1/2"]
[ECO "D10"]
[WhiteElo "2423"]
[BlackElo "2406"]
[WhiteEngine "Cryptic Heroes 9.4B"]
[BlackEngine "Houdini 6"]
[EventType "Swiss"]
[WhiteTeam ""]
[BlackTeam ""]
[PlyCount "135"]
[TimeControl "420+2"]

1. d4 d5 2. c4 c6 3. cxd5 cxd5 4. Bf4 Nc6 5. e3 Nf6 6. Nc3 a6 7. Bd3 Bg4 
8. Nge2 e6 9. Rc1 Be7 10. O-O Bh5 11. Na4 Bg6 12. h3 Rc8 13. Bxg6 hxg6 
14. Qb3 Na5 15. Qb6 Rxc1 16. Qxd8+ Kxd8 17. Rxc1 Nc6 18. a3 Ne8 19. b4 g5 
20. Bg3 Bd6 21. Nc5 Kc7 22. Be5 Rh4 23. Bg3 Rh8 24. e4 Bxg3 25. fxg3 dxe4 
26. Nxe4 Nd6 27. Nxg5 Kd7 28. Nf3 Rc8 29. g4 Nb5 30. a4 Nd6 31. Rb1 Ne7 
32. Ne5+ Kd8 33. Rf1 Rc2 34. Nf4 Ke8 35. g5 Nc4 36. Rf2 Rc1+ 37. Rf1 Rc2 
38. Nfd3 Nf5 39. Rf2 Rc3 40. d5 Nxe5 41. Nxe5 Re3 42. Ng4 Re4 43. dxe6 fxe6 
44. Rb2 e5 45. Rf2 Nd6 46. Rc2 Kd8 47. a5 Rxb4 48. Nxe5 Rb5 49. Nf3 Rxa5 
50. h4 Rb5 51. Kh2 a5 52. Ra2 Nc4 53. h5 Rf5 54. Kg3 b5 55. Re2 Kd7 56. Kg4 Rf8 
57. h6 gxh6 58. gxh6 b4 59. Ne5+ Nxe5+ 60. Rxe5 a4 61. Ra5 a3 62. Ra4 Rb8 
63. h7 b3 64. Rxa3 b2 65. h8=Q Rxh8 66. Rb3 b1=Q 67. Rxb1 Rg8+ 68. Kf3 1/2-1/2

[Event "Tuesday Night Engine Tour 9 rd Swiss 7m+2s Starts at 2200hrs ST"]
[Site "Infinity Chess"]
[Date "2018.4.24"]
[Round "6"]
[White "ocirema"]
[Black "Vimtiroba"]
[Result "1/2-1/2"]
[ECO "D30"]
[WhiteElo "2468"]
[BlackElo "2491"]
[WhiteEngine "Eman 1.70-beta21 64-bit POPCNT_CTG"]
[BlackEngine "SF9 ''A24''_CTG"]
[EventType "Swiss"]
[WhiteTeam ""]
[BlackTeam ""]
[PlyCount "129"]
[TimeControl "420+2"]

1. d4 d5 2. c4 e6 3. Nf3 Nf6 4. g3 Bb4+ 5. Bd2 Be7 6. Bg2 Nbd7 7. O-O O-O 
8. Qb3 c6 9. Bf4 a5 10. Rd1 Nh5 11. Bc1 b5 12. c5 f5 13. Nc3 g5 14. a3 Bf6 
15. Qc2 Qe7 16. e3 Ng7 17. Bd2 h5 18. Ne1 h4 19. Nd3 Nh5 20. Be1 hxg3 
21. hxg3 Qh7 22. Rac1 Bb7 23. Bf3 Bd8 24. b4 Nhf6 25. Qe2 Bc8 26. Bg2 Ng4 
27. f3 Qh2+ 28. Kf1 Ngf6 29. f4 Qh6 30. Bf2 Ne4 31. Ne5 Nxe5 32. dxe5 Nxc3 
33. Rxc3 Bd7 34. Qb2 Be8 35. Ra1 Bh5 36. bxa5 Bxa5 37. Rb3 Bd8 38. a4 Rxa4 
39. Rba3 Rc4 40. Ra7 Re8 41. R7a6 Rxc5 42. Rc1 Qf8 43. Rxc6 Rxc1+ 44. Qxc1 b4 
45. Qc2 Qg7 46. Qd3 Qd7 47. Rd6 Qc8 48. Be1 Bf7 49. g4 Be7 50. gxf5 Bxd6 
51. exd6 b3 52. fxe6 Qxe6 53. Bc3 d4 54. Qxd4 Qc4+ 55. Ke1 Qxd4 56. Bxd4 Rd8 
57. Be5 gxf4 58. exf4 Be6 59. Bc6 b2 60. Bxb2 Rxd6 61. Be4 Bd5 62. Bxd5+ Rxd5 
63. Ke2 Rf5 64. Be5 Kf7 65. Kd2 1/2-1/2

[Event "Tuesday Night Engine Tour 9 rd Swiss 7m+2s Starts at 2200hrs ST"]
[Site "Infinity Chess"]
[Date "2018.4.24"]
[Round "6"]
[White "Victorious"]
[Black "SkyPilot"]
[Result "1/2-1/2"]
[ECO "C55"]
[WhiteElo "2498"]
[BlackElo "2499"]
[WhiteEngine "CFish_210418_x64_N_pop_LTO_730mingw"]
[BlackEngine "stockfish_x64_bmi2_2018_04_07_CTG"]
[EventType "Swiss"]
[WhiteTeam ""]
[BlackTeam ""]
[PlyCount "46"]
[TimeControl "420+2"]

1. e4 e5 2. Nf3 Nc6 3. Bc4 Nf6 4. d3 Bc5 5. O-O d6 6. c3 O-O 7. Re1 Bb6 8. h3 h6 
9. Nbd2 a5 10. a4 Be6 11. Ra2 Nh5 12. b3 Qf6 13. Nf1 Rad8 14. Ng5 Qg6 
15. Nxe6 fxe6 16. Qg4 Rf6 17. Qxg6 Rxg6 18. Rc2 Kh7 19. Nh2 Rf8 20. Kf1 Ng3+ 
21. Kg1 Nh5 22. Kf1 Ng3+ 23. Kg1 Nh5 1/2-1/2

[Event "Tuesday Night Engine Tour 9 rd Swiss 7m+2s Starts at 2200hrs ST"]
[Site "Infinity Chess"]
[Date "2018.4.24"]
[Round "6"]
[White "mcstar"]
[Black "blindfoldchess"]
[Result "0-1"]
[ECO "C26"]
[WhiteElo "2494"]
[BlackElo "2487"]
[WhiteEngine "Cryptic Heroes 9.4B"]
[BlackEngine "Cryptic Heroes 9.4B"]
[EventType "Swiss"]
[WhiteTeam ""]
[BlackTeam ""]
[PlyCount "154"]
[TimeControl "420+2"]

1. e4 e5 2. Nc3 Nf6 3. g3 Bc5 4. Nge2 Ng4 5. d4 exd4 6. Nxd4 Nxf2 7. Kxf2 Qf6+ 
8. Ke3 Nc6 9. Ncb5 O-O 10. c3 d5 11. Bg2 dxe4 12. Rf1 Qd8 13. Qh5 f5 14. Rd1 Be6 
15. Kf2 Bf7 16. Qh4 Qxh4 17. gxh4 a6 18. Na3 Bh5 19. Bf4 Bxd1 20. Rxd1 Ne7 
21. b4 Ba7 22. Bf1 b5 23. Kg3 Nd5 24. Nc6 Nxc3 25. Rd2 e3 26. Rc2 Nd5 
27. Nxa7 Rxa7 28. Rc5 c6 29. Nc2 Re7 30. Bd6 e2 31. Bg2 Nxb4 32. Ne1 Re3+ 
33. Kf2 Rfe8 34. Rxf5 Nd3+ 35. Nxd3 Rxd3 36. Bb4 g6 37. Rf4 c5 38. Be1 Rd1 
39. Bc6 Re5 40. Re4 Rxe4 41. Bxe4 Ra1 42. Bd5+ Kf8 43. Kxe2 c4 44. Bb4+ Ke8 
45. a3 Ra2+ 46. Kd1 Kd7 47. Bg8 h6 48. h3 Rh2 49. Bh7 Rxh3 50. Bxg6 Rxh4 
51. Ke2 Ke6 52. Kf3 h5 53. Bh7 Rh3+ 54. Ke4 Kf6 55. Kf4 h4 56. Kg4 Rb3 
57. Kxh4 Rxb4 58. axb4 Ke5 59. Kg3 Kd4 60. Kf4 Kc3 61. Ke3 Kxb4 62. Bc2 Ka3 
63. Bh7 Kb2 64. Kf3 c3 65. Ke4 c2 66. Bf5 a5 67. Ke5 c1=Q 68. Ke4 a4 69. Be6 Qg5 
70. Bd5 a3 71. Be6 b4 72. Bc4 b3 73. Bf1 a2 74. Be2 a1=Q 75. Bd1 Qa8+ 
76. Kd3 Qf4 77. Bc2 Qaf3# 0-1

[Event "Tuesday Night Engine Tour 9 rd Swiss 7m+2s Starts at 2200hrs ST"]
[Site "Infinity Chess"]
[Date "2018.4.24"]
[Round "6"]
[White "draxlord"]
[Black "Dovahkiin"]
[Result "1/2-1/2"]
[ECO "D30"]
[WhiteElo "2502"]
[BlackElo "2463"]
[WhiteEngine "Cryptic Heroes 9.4B"]
[BlackEngine "BrainFish_180423_x64_modern_CTG"]
[EventType "Swiss"]
[WhiteTeam ""]
[BlackTeam ""]
[PlyCount "152"]
[TimeControl "420+2"]

1. d4 d5 2. c4 e6 3. Nf3 Nf6 4. e3 Be7 5. Be2 O-O 6. O-O dxc4 7. Bxc4 c5 
8. dxc5 Bxc5 9. b3 b6 10. Qe2 Qe7 11. Bb2 Bb7 12. a3 Bd6 13. Nbd2 Nbd7 
14. Ba6 Bxa6 15. Qxa6 Nc5 16. Qe2 Nd5 17. g3 Qb7 18. e4 Ne7 19. b4 Na4 
20. Bd4 Rfd8 21. Rac1 a6 22. Rc2 Rac8 23. Rxc8 Nxc8 24. Rc1 Ne7 25. Qe3 h6 
26. Nc4 Bc7 27. Nfe5 Bxe5 28. Nxe5 Rc8 29. Rxc8+ Qxc8 30. Bxb6 Qc2 31. Ba7 f6 
32. Nd3 Nc6 33. Bc5 e5 34. Kg2 Qc4 35. h4 Nc3 36. f3 Nd4 37. Nf2 Nc2 
38. Qd2 Nxa3 39. h5 Nab5 40. Ng4 Qe2+ 41. Qxe2 Nxe2 42. Ne3 Nc1 43. Nc2 Kf7 
44. Kf1 Nc3 45. Bf2 Ke6 46. Ne3 Nd3 47. Be1 Na2 48. Nd5 Kd7 49. Bd2 Nac1 
50. f4 Kd6 51. Bxc1 Nxc1 52. fxe5+ fxe5 53. Kf2 Nb3 54. g4 Nd4 55. Ke3 Nc2+ 
56. Kd3 Ne1+ 57. Kc4 Nc2 58. Kb3 Nd4+ 59. Ka4 Nc6 60. Ne3 Ke6 61. Nd5 Kd6 
62. b5 axb5+ 63. Kxb5 Nd4+ 64. Kb4 Ne2 65. Ne3 Ke6 66. Kc4 Nf4 67. Nf5 Kf6 
68. Kc5 g6 69. hxg6 Kxg6 70. Kd6 Nd3 71. Ke6 Kg5 72. Kd5 Nf2 73. Kxe5 Nxg4+ 
74. Kd4 h5 75. Ng7 Nh6 76. Ke3 Kg4 1/2-1/2